 Dungeon Crawl Stone Soup version 0.20.0-7-g3b7b877 (webtiles) character file.

298 Rim the Poker (level 6, -13/44 HPs)
             Began as an Octopode Fighter on May 29, 2017.
             Mangled by an ogre
             ... wielding a +0 giant club
              (27 damage)
             ... on level 4 of the Dungeon.
             The game lasted 00:07:32 (2136 turns).

Rim the Poker (Octopode Fighter)                    Turns: 2136, Time: 00:07:32

Health: -13/44     AC:  1    Str: 18    XL:     6   Next: 35%
Magic:  6/6        EV: 11    Int: 12    God:
Gold:   163        SH:  9    Dex: 12    Spells: 5/5 levels left

rFire    . . .     SeeInvis +   a - +0 trident
rCold    . . .     Gourm    .   b - +0 shield
rNeg     . . .     Faith    .   (helmet restricted)
rPois    .         Spirit   .   (no amulet)
rElec    .         Reflect  .   l - ring of see invisible
rCorr    .         Harm     .   r - ring of wizardry
MR       .....                  s - +3 ring of strength
Stlth    ++........             (no ring)
Regen    0.2/turn               (no ring)
MPRegen  0.1/turn               (no ring)
                                (no ring)
                                (no ring)

@: no status effects
A: almost no armour, stealthy swim, amphibious, 8 rings, constrict 8, camouflage
1, gelatinous body 1
a: no special abilities


You were on level 4 of the Dungeon.
You were not hungry.

You visited 1 branch of the dungeon, and saw 4 of its levels.

You collected 163 gold pieces.

Inventory:

Hand Weapons
 a - a +0 trident (weapon)
 w - a +1 arbalest
Missiles
 x - 28 bolts
Armour
 b - a +0 shield (worn)
Jewellery
 l - a ring of see invisible (left tentacle)
 r - a ring of wizardry (right tentacle)
 s - a +3 ring of strength (on tentacle)
Scrolls
 e - 2 scrolls of identify
Potions
 i - a potion of agility
 j - a potion of haste {unknown}
 m - a potion of ambrosia {unknown}
 n - a potion of heal wounds {unknown}
 p - a potion of flight {unknown}
 t - 2 potions of lignification {unknown}
Comestibles
 d - 3 bread rations
 o - 3 fruits


   Skills:
 + Level 4.6 Fighting
 * Level 5.4 Polearms
 - Level 3.0 Dodging
 - Level 3.0 Shields


You had 5 spell levels left.
You didn't know any spells.

Dungeon Overview and Level Annotations

Branches:
Dungeon (4/15)
 Temple: D:4-7

Altars:

Shops:
D:4 :


Innate Abilities, Weirdness & Mutations

You cannot wear most types of armour.
You are very stealthy in the water. (Stealth+)
You are amphibious.
You can wear up to eight rings at the same time.
You can use your tentacles to constrict eight enemies at once.
Your skin changes colour to match your surroundings (Stealth+).
Your rubbery body absorbs attacks. (AC +1, EV +1)


Message History

Press: ? - help, Dir - move target cursor, f - ogre
Aim: an ogre, wielding a giant club You reach to attack!
You puncture the ogre!
The ogre is moderately wounded.
You hit the ogre.
The ogre is heavily wounded.
The ogre closely misses you.
You hit the ogre but do no damage.
The ogre is heavily wounded.
The ogre hits you with a giant club!!
Ouch! That really hurt!
* * * LOW HITPOINT WARNING * * *
You barely miss the ogre.
The ogre is heavily wounded.
You block the ogre's attack.
You hit the ogre.
The ogre is severely wounded.
The ogre hits you with a giant club!!
Ouch! That really hurt!
You die...

*,********,,,***,*,*
#.######.#
*,*,,,,,,,,,,,,,,*,*
#.##.....#
*,*,***,,,,,,*****,*
#.##.##### *,*,*
*,,,,,,** *,* #.##.#
*,*,***,,,,,,,* *,*
#.##.# *,*,,,+,,,,,,,*
*.#####.##.#
*,*****,,,,**,*
#..........# ,,,,*
*,,,,**,###########∩.∩##
*,,,*
*,,,,**,#O@.......#....#
*,,,*
******#...#######.#∩.∩.#
*,,,* #...* #...#..#
***** ##..* #####..#
#..* #..# #..* #..# #..*
#^.# ##.** #..# *,,*
#..#


You could see an ogre.

Vanquished Creatures
  Grinder (D:3)
  3 adders
  2 worms (D:2)
  4 dart slugs
  4 leopard geckos
  2 orcs (D:3)
  4 giant cockroaches
  4 goblins
  4 hobgoblins
  6 jackals
  5 kobolds
  A quokka (D:2)
  A ball python (D:3)
  8 bats
  3 frilled lizards
  11 rats
63 creatures vanquished.

Notes
Turn   | Place    | Note
-------+----------+-------------------------------------------
     0 | D:1      | Rim the Octopode Fighter began the quest for the Orb.
     0 | D:1      | Reached XP level 1. HP: 16/16 MP: 1/1
    94 | D:1      | Reached XP level 2. HP: 20/21 MP: 2/2
   765 | D:1      | Reached XP level 3. HP: 26/26 MP: 3/3
   864 | D:1      | Reached skill level 3 in Polearms
  1050 | D:2      | Reached XP level 4. HP: 28/32 MP: 4/4
  1627 | D:3      | Reached skill level 4 in Polearms
  1743 | D:3      | Noticed Grinder
  1749 | D:3      | Paralysed by Grinder for 2 turns
  1754 | D:3      | Killed Grinder
  1754 | D:3      | Reached skill level 5 in Polearms
  1754 | D:3      | Reached XP level 5. HP: 38/38 MP: 5/5
  1754 | D:3      | Reached XP level 6. HP: 44/44 MP: 6/6
  2088 | D:4      | Found Rofuicse's Book Emporium.
  2136 | D:4      | Mangled by an ogre

Skill      XL: |  1  2  3  4 |
---------------+-------------+-----
Polearms       | 3 5 |  5.4
Fighting       | 4 |  4.6
Dodging        | |  3.0
Shields        | |  3.0

Action                   |  1- 3 |  4- 6 || total
-------------------------+-------+-------++-------
Melee: Trident           |    81 |    64 ||   145
       Constrict         |    12 |    14 ||    26
       Tentacles         |    12 |     8 ||    20
  Use: Potion            |       |     1 ||     1
       Scroll            |       |     8 ||     8
 Stab: Sleeping          |    11 |     5 ||    16
       Distracted        |     2 |       ||     2
  Eat: Chunk             |     1 |     3 ||     4
Armor: Skin              |     6 |       ||     6
Dodge: Dodged            |    26 |    16 ||    42
Block: Shield            |    23 |    15 ||    38
